 Dungeon Crawl Stone Soup version 0.31.0-11-ge490571c62 (webtiles) character file.

Game seed: 16464343416011420704

38 qw the Shooter (level 3, 0/20 HPs)
             Began as a Deep Elf Hunter on Feb 4, 2024.
             Slain by a goblin
             ... wielding a +0 dagger
             ... led by Robin
              (2 damage)
             ... on level 2 of the Dungeon.
             The game lasted 00:00:02 (1007 turns).

qw the Shooter (Deep Elf Hunter)                    Turns: 1007, Time: 00:00:03

Health: 0/20       AC:  5    Str: 10    XL:     3   Next: 25%
Magic:  5/5        EV: 11    Int: 13    God:
Gold:   64         SH:  0    Dex: 18    Spells: 2/2 levels left

rFire   . . .        c - +0 shortbow (flame)
rCold   . . .        (shield currently unavailable)
rNeg    . . .        h - +0 ring mail
rPois   .            (no helmet)
rElec   .            (no cloak)
rCorr   .            (no gloves)
SInv    .            (no boots)
Will    .....        (no amulet)
Stlth   +            (no ring)
HPRegen 0.23/turn    (no ring)
MPRegen 0.09/turn

%: no passive effects
@: no status effects
A: no striking features
a: no special abilities


You were on level 2 of the Dungeon.
You visited 1 branch of the dungeon, and saw 2 of its levels.

You collected 64 gold pieces.


   Skills:
 - Level 1.5 Fighting
 + Level 6.8 Ranged Weapons
 - Level 2.4 Dodging
 - Level 1.2 Stealth


You had 2 spell levels left.
You didn't know any spells.
Your spell library was empty.

Inventory:

Hand Weapons
 c - a +0 shortbow of flaming (weapon)
Armour
 h - a +0 ring mail (worn)
Potions
 e - a potion of enlightenment
 g - a potion of curing {unknown}

Dungeon Overview and Level Annotations

Branches:
Dungeon (2/15)

Altars:

Annotations:
D:2 Robin


Message History

You hear a shout!
The goblin hits you but does no damage.
You shoot an arrow. The arrow hits the goblin.
The arrow burns the goblin.
You kill the goblin!
You shoot an arrow. The arrow hits the hobgoblin.
The arrow burns the hobgoblin.
The hobgoblin is moderately wounded.
Robin throws the goblin at you!
You shoot an arrow. The arrow hits the hobgoblin!
The arrow burns the hobgoblin.
You kill the hobgoblin!
A goblin comes into view. It is wielding a +0 dagger.
The goblin misses you. The goblin hits you with a +0 club.
Robin throws the goblin at you!
You shoot an arrow. The arrow hits the goblin!
The arrow burns the goblin.
You kill the goblin!
The goblin barely misses you. x2
You shoot an arrow. The arrow hits the goblin.
The arrow burns the goblin.
You kill the goblin!
The goblin hits you but does no damage. x2; The goblin misses you.
The goblin hits you with a +0 club.
You shoot an arrow. The arrow closely misses the goblin.
The goblin closely misses you.
The goblin hits you but does no damage. x2
You shoot an arrow. The arrow closely misses the goblin.
The goblin barely misses you. x4
You shoot an arrow. The arrow hits the goblin.
The arrow burns the goblin.
You kill the goblin!
The goblin hits you but does no damage. The goblin barely misses you.
The goblin hits you with a +0 club.
You shoot an arrow. The arrow hits the hobgoblin.
The arrow burns the hobgoblin.
The hobgoblin is severely wounded.
The goblin hits you with a +0 club. x2; The hobgoblin closely misses you.
The goblin barely misses you.
You shoot an arrow. The arrow hits the hobgoblin!
The arrow burns the hobgoblin.
You kill the hobgoblin!
The goblin barely misses you. The goblin closely misses you.
The goblin barely misses you.
You shoot an arrow. The arrow hits the goblin.
The arrow burns the goblin.
The goblin is severely wounded.
The goblin no longer looks unusually strong.
The goblin hits you with a +0 dagger.
You die...

#......#####
#......'...#
#......###.# #
#......# #.#
#.#####......# #.#
#..[...#'##### #.#
##......#.#######.#
#......<..........#
[.......#..(.g@####
#.#####.#....ggggg....
#.##.....####.#.
#.##.....# #.##.....#
#.##.....# #.##.....#
#.....#


You could see Robin and 5 goblins.

Vanquished Creatures
  A dart slug (D:1)
  2 endoplasms (D:1)
  A giant cockroach (D:1)
  10 goblins
  2 hobgoblins (D:2)
  7 kobolds (D:1)
  A quokka (D:1)
  2 ball pythons (D:1)
  3 bats (D:1)
  2 frilled lizards (D:1)
  A rat (D:1)
32 creatures vanquished.

Notes
Turn   | Place    | Note
-------+----------+-------------------------------------------
     0 | D:1      | qw the Deep Elf Hunter began the quest for the Orb.
     0 | D:1      | Reached XP level 1. HP: 12/12 MP: 3/3
     0 | D:1      | 0 ||| qw: Version: 0.3-a-160-g6735b56
     0 | D:1      | 0 ||| qw: Game counter: 4747
     0 | D:1      | 0 ||| qw: Melee chars always use a shield: true
     0 | D:1      | 0 ||| qw: God list: Okawaru
     0 | D:1      | 0 ||| qw: Allow faded altars: false
     0 | D:1      | 0 ||| qw: Do Orc after clearing Dungeon:15 true
     0 | D:1      | 0 ||| qw: Do second Lair branch before Depths: true
     0 | D:1      | 0 ||| qw: Lair rune preference: random
     0 | D:1      | 0 ||| qw: Goals: Normal
     0 | D:1      | 0 ||| PLANNING D:1-11
   168 | D:1      | Reached XP level 2. HP: 16/16 MP: 4/4
   175 | D:1      | Reached skill level 6 in Ranged Weapons
   850 | D:1      | Reached XP level 3. HP: 20/20 MP: 5/5
   934 | D:1      | 934 ||| UPGRADING to +0 ring mail.
   944 | D:1      | 944 ||| DROPPING +0 leather armour.
   945 | D:1      | 945 ||| READING scroll labelled YTWISS QONEIXONAYS.
   946 | D:1      | 946 ||| READING scroll labelled BAIMOBLEET.
   946 | D:1      | Identified a scroll of acquirement
   946 | D:1      | 946 ||| ACQUIRING +0 shortbow of flaming
   946 | D:1      | Acquired a +0 shortbow of flaming
   948 | D:1      | 948 ||| SWAPPING to +0 shortbow of flaming.
   949 | D:1      | 949 ||| DROPPING +0 shortbow.
   950 | D:1      | 950 ||| DRINKING 2 coppery potions.
   951 | D:1      | 951 ||| DROPPING scroll of butterflies.
   991 | D:2      | Noticed Robin
  1005 | D:2      | HP: 4/20 [goblin/+0 club[Robin] (6)]
  1005 | D:2      | HP: 1/20 [goblin/+0 club[Robin] (3)]
  1007 | D:2      | Slain by a goblin

Levels and vault maps discovered:
D:1:      dpeg_chamrin_arrival_tetris, layout_basic, nicolae_titane
D:2:      cheibrodos_helix_gallery, layout_basic, minmay_rat_hole, uniq_robin

Skill      XL: |  1  2 |
---------------+-------+-----
Ranged Weapons | 6 |  6.8
Fighting       | |  1.5
Dodging        | |  2.4
Stealth        | |  1.2

Action                     || total
---------------------------++-------
   Fire: Shortbow          ||    83
    Use: Scroll            ||     2
         Potion            ||     1
 Armour: Leather armour    ||    12
         Ring mail         ||    18
  Dodge: Dodged            ||    20

Table legend:
 A = Non-vault XP
 B = Vault XP
 C = Vault XP percentage of total XP
 D = Non-vault monster count
 E = Vault monster count
 F = Vault count percentage of total count
                 A         B        C        D         E       F
            +---------+---------+-------+---------+---------+-------
      Total |      41 |      14 |  25.5 |      25 |       7 |  21.9
            +---------+---------+-------+---------+---------+-------
        D:1 |      41 |       0 |   0.0 |      25 |       0 |   0.0
        D:2 |       0 |      14 | 100.0 |       0 |       7 | 100.0
            +---------+---------+-------+---------+---------+-------
